 Dungeon Crawl Stone Soup version 0.14.0-12-g87ee3b7 (webtiles) character file.

276 MDvedh the Cudgeler (level 5, -1/42 HPs)
             Began as a Minotaur Death Knight on Apr 15, 2014.
             Was a Believer of Yredelemnul.
             Slain by a gnoll
             ... wielding a +2,+0 halberd
              (11 damage)
             ... on Level 3 of the Dungeon.
             The game lasted 00:06:26 (3155 turns).

MDvedh the Cudgeler (Minotaur Death Knight)         Turns: 3155, Time: 00:06:26

HP  -1/42        AC  9     Str 19      XL: 5   Next: 23%
MP   4/4         EV  7     Int  8      God: Yredelemnul [**....]
Gold 108         SH  0     Dex  9      Spells:  0 memorised,  4 levels left

rFire  . . .     SeeInvis .     v - +0,+1 morningstar
rCold  . . .     Clarity  .     j - +1 chain mail
rNeg   . . .     Conserve .     (no shield)
rPois  .         rCorr    .     (helmet unavailable)
rElec  .         rRot     .     (no cloak)
SustAb . .       Spirit   .     (no gloves)
rMut   .         Warding  .     (no boots)
Saprov . . .     Stasis   .     (no amulet)
MR     .....                    (no ring)
                                (no ring)

@: not resistant to hostile enchantments, extremely unstealthy
A: retaliatory headbutt, horns 3
a: Animate Remains, Recall Undead Slaves, Injury Mirror, Renounce Religion


You were on level 3 of the Dungeon.
You worshipped Yredelemnul.
Yredelemnul was pleased with you.
You were not hungry.

You visited 1 branch of the dungeon, and saw 3 of its levels.

You collected 108 gold pieces.

Inventory:

Hand weapons
 u - a +0,+0 flail
 v - a +0,+1 morningstar (weapon)
Armour
 b - a +0 leather armour
 j - a +1 chain mail (worn)
Magical devices
 a - a wand of frost (12) {unknown}
 q - a wand of enslavement (18) {unknown}
Comestibles
 c - a bread ration
 f - a sausage
 h - 2 meat rations
Jewellery
 g - an uncursed ring of regeneration {unknown}
 n - an uncursed amulet of rage {unknown}
Potions
 e - 3 potions of curing


   Skills:
 - Level 2.4 Fighting
 + Level 6.6 Maces & Flails
 - Level 1.2 Armour
 - Level 1.1 Dodging
 - Level 2.6 Invocations


You had 4 spell levels left.
You didn't know any spells.

Dungeon Overview and Level Annotations

Branches:
Dungeon (3/15)

Altars:


Innate Abilities, Weirdness & Mutations

You reflexively headbutt those who attack you in melee.
You have a pair of large horns on your head.


Message History

The gnoll is lightly wounded.
You hit the gnoll. Your headbutt misses the gnoll.
The gnoll is moderately wounded.
The gnoll hits you but does no damage.
You hit the gnoll but do no damage.
The gnoll is moderately wounded.
The gnoll hits you with an uncursed halberd!
Your chain mail prevents you from hitting the gnoll.
The gnoll is moderately wounded.
The gnoll hits you with an uncursed halberd.
* * * LOW HITPOINT WARNING * * *
You are too injured to fight recklessly!
You are too injured to fight recklessly!
You are too injured to fight recklessly!
You are too injured to fight recklessly!
You barely miss the gnoll.
The gnoll is moderately wounded.
The gnoll hits you with an uncursed halberd!
You die...
Your body rises from the dead as a mindless zombie.

#.# ##.#######.# #......)#
#.# #.# #.# #.......# #.#
#.# #.# #.......### #.# #.#
#.# #.......... #.# #.# #.#
#.>......<. #.# #.# #.#
######.#... #.# #.# #.#
#.#.gg #.# #.# #.# #.#...
#.#
##.#######@###########.#...
#.#
#.........(g.....g.........
#.#
#..#######.###########.#...
#.# #..# #.# #.#### #.#
#..# #.# #..... #.# #..#
#.# ###### #.# #..# #.#
#.#####..# #.############
#.#......# #.##.........#


You could see 2 gnolls.

Vanquished Creatures
  2 gnolls (D:3)
  6 adders
  3 worms
  2 giant geckos (D:1)
  6 giant cockroaches
  8 goblins
  5 hobgoblins
  12 jackals
  5 kobolds
  3 quokkas
  2 ball pythons
  7 bats
  A giant newt (D:2)
  12 rats
74 creatures vanquished.

Notes
Turn   | Place    | Note
--------------------------------------------------------------
     0 | D:1      | MDvedh, the Minotaur Death Knight, began the quest for the Orb.
     0 | D:1      | Reached XP level 1. HP: 18/18 MP: 1/1
    44 | D:1      | Reached skill level 3 in Maces & Flails
   121 | D:1      | Reached XP level 2. HP: 18/25 MP: 1/1
   408 | D:1      | Reached skill level 4 in Maces & Flails
   629 | D:1      | Reached XP level 3. HP: 30/30 MP: 3/3
   762 | D:2      | Acquired Yredelemnul's second power
  1362 | D:2      | Reached skill level 5 in Maces & Flails
  1678 | D:2      | Reached XP level 4. HP: 23/37 MP: 3/3
  1923 | D:2      | Gained mutation: You have a pair of large horns on your head. [potion of beneficial mutation]
  1924 | D:2      | Paralysed by a potion of paralysis for 2 turns
  2138 | D:3      | Reached skill level 6 in Maces & Flails
  2550 | D:3      | Reached XP level 5. HP: 42/42 MP: 4/4
  2765 | D:3      | Noticed an ogre
  2804 | D:3      | HP: 1/42 [gnoll/halberd (10)]
  3155 | D:3      | Slain by a gnoll

Action                   |  1- 3 |  4- 6 || total
-------------------------+-------+-------++-------
Melee: Mace              |    96 |       ||    96
       Morningstar       |    13 |    75 ||    88
       Flail             |     6 |       ||     6
  Use: Potion            |       |    10 ||    10
       Scroll            |       |     6 ||     6
